 Dungeon Crawl Stone Soup version 0.28-a0-1199-gef9e1dbd39 (webtiles) character file.

Game seed: 15369619261734084686

53 shoop the Sneak (level 3, -2/28 HPs)
             Began as a Naga Wanderer on Dec 20, 2021.
             Was a Follower of Yredelemnul.
             Slain by a quokka (3 damage)
             ... on level 2 of the Dungeon.
             The game lasted 00:04:13 (2040 turns).

shoop the Sneak (Naga Wanderer)                     Turns: 2040, Time: 00:04:13

Health: -2/28      AC:  2    Str: 10    XL:     3   Next: 87%
Magic:  5/6        EV:  9    Int: 16    God:    Yredelemnul [*.....]
Gold:   31         SH:  0    Dex: 12    Spells: 3/6 levels left

rFire   . . .      SeeInvis +   g - staff of poison
rCold   . . .      Faith    .   (no shield)
rNeg    . . .      Spirit   .   f - +0 robe
rPois   +          Reflect  .   (no helmet)
rElec   .          Harm     .   (no cloak)
rCorr   .          Rampage  .   (no gloves)
Will    .....                   (no barding)
Stlth   +++.......              (no amulet)
HPRegen 0.09/turn               (no ring)
MPRegen 0.10/turn               (no ring)

@: very slow
A: AC +1, large, see invisible, deformed body, poison resistance, slowness 2,
spit poison 1, naga tail 1
a: Spit Poison, Renounce Religion, Recall Undead Harvest


You were on level 2 of the Dungeon.
You worshipped Yredelemnul.
Yredelemnul was noncommittal.
You visited 1 branch of the dungeon, and saw 2 of its levels.

You collected 31 gold pieces.

Inventory:

Hand Weapons
 a - a +0 dagger
Missiles
 b - an atropa-tipped dart (quivered)
 c - 2 datura-tipped darts
 e - 70 stones
Armour
 f - a +0 robe (worn)
Magical Staves
 g - a staff of poison (weapon)
Scrolls
 h - a scroll of immolation {unknown}
 i - a scroll of teleportation {unknown}
 k - a scroll of identify {unknown}
 l - a scroll of fog {unknown}
 n - a scroll of summoning {unknown}
Potions
 d - a potion of curing
 j - a potion of invisibility {unknown}
 m - a potion of mutation {unknown}


   Skills:
 - Level 1.0 Throwing
 - Level 5.8 Stealth
 - Level 2.0 Spellcasting
 + Level 4.1 Earth Magic
 - Level 1.0 Invocations


You had 3 spell levels left.
You knew the following spells:

 Your Spells              Type           Power      Damage    Failure   Level
a - Sandblast             Erth           28%        2d8       3%          1
p - Passwall              Tmut/Erth      6%         N/A       14%         2

Your spell library contained the following spells:

 Spells                   Type           Power      Damage    Failure   Level
 Stone Arrow              Conj/Erth      16%        3d8       26%         3
 Swiftness                Air            1%         N/A       52%         3


Dungeon Overview and Level Annotations

Branches:
Dungeon (2/15)

Altars:
Yredelemnul

Annotations:
D:1 exclusions: gnoll and goblin


Innate Abilities, Weirdness & Mutations

Your serpentine skin is tough. (AC +1)
You have supernaturally acute eyesight. (SInv)
Armour fits poorly on your strangely shaped body.
Your system is resistant to poisons. (rPois)
You cover ground very slowly.
You can spit poison.
You have a snake-like lower body.


Message History

You are frozen.
* * * LOW HITPOINT WARNING * * *
The quokka bites you but does no damage.
You swap places.
Your bat zombie barely misses the frilled lizard.
Your bat zombie closely misses the frilled lizard.
Your bat zombie hits the frilled lizard.
The frilled lizard closely misses your bat zombie.
The quokka closely misses your bat zombie.
The endoplasm closely misses your bat zombie.
Your bat zombie barely misses the frilled lizard.
Your bat zombie hits the frilled lizard.
The frilled lizard dies!
Your bat zombie barely misses the quokka.
The quokka bites your bat zombie.
Your bat zombie is destroyed!
The endoplasm closely misses your adder zombie.
The adder bites your adder zombie. The quokka bites your adder zombie.
Your adder zombie bites the quokka.
The endoplasm hits your adder zombie.
The adder barely misses your adder zombie.
The quokka closely misses your adder zombie.
Your adder zombie bites the quokka but does no damage.
The endoplasm hits your adder zombie. The adder bites your adder zombie.
Your adder zombie is destroyed!
Your goblin zombie misses the quokka.
Your jackal zombie bites the quokka.
The quokka bites you.
* * * LOW HITPOINT WARNING * * *
Your jackal zombie closely misses the quokka.
The quokka barely misses you.
Your goblin zombie misses the quokka.
Your magical contamination has completely faded away.
Your jackal zombie barely misses the quokka.
The quokka barely misses you.
Your goblin zombie hits the quokka but does no damage.
Your jackal zombie bites the quokka.
Unknown command.
You closely miss the quokka.
The quokka is severely wounded.
The quokka bites you.
You die...
Your body rises from the dead as a mindless zombie.

### ###### #### ...
#....# #... ... ....#
##... ###.###..#
#######Z..# #.....#ZZ##
##.ZZ.ZZZZ##
.#....S#ZZZ###.Z####Z###
##
....>.Jr@#.##..####..#
.#
.#....)#Z#Z##Z.ZZ.ZZ##
.#
#.....#.#ZZ.Z###########
.# ###.###.#..#.###
#.... .#### ...
....#....#####.... ....#
### #...##.......Z##Z...
Z##Z#
##......#####..Z..#
.##.###
#.............##..##
.##ZZZ##
###...##.##..#####Z...


You could see an adder, an endoplasm, a quokka (ally target), 2 friendly
spectral endoplasms, 2 friendly ball python zombies, a friendly jackal zombie
and a friendly goblin zombie.

Vanquished Creatures
  An adder (D:2)
  A dart slug (D:1)
  4 ball pythons
  4 bats
  2 endoplasms (D:1)
  2 giant cockroaches (D:1)
  2 hobgoblins (D:1)
  2 jackals (D:2)
  4 kobolds
  2 quokkas (D:1)
  5 frilled lizards
  A goblin (D:2)
  A rat (D:2)
31 creatures vanquished.

Vanquished Creatures (collateral kills)
  2 endoplasms (D:2)
  A giant cockroach (D:2)
  2 jackals (D:2)
  A ball python (D:2)
  A bat (D:2)
  2 frilled lizards (D:2)
9 creatures vanquished.

Vanquished Creatures (others)
  An adder zombie (D:2)
  A bat zombie (D:2)
  A jackal zombie (D:2)
3 creatures vanquished.

Grand Total: 43 creatures vanquished

Notes
Turn   | Place    | Note
-------+----------+-------------------------------------------
     0 | D:1      | shoop the Naga Wanderer began the quest for the Orb.
     0 | D:1      | shoop set off with the following items: a +0 dagger, an
                  | atropa-tipped dart, 2 datura-tipped darts, a potion of
                  | curing, 37 stones, a +0 robe; and the following spell
                  | memorised: Sandblast; and the following spells available to
                  | memorise: Stone Arrow
     0 | D:1      | Reached XP level 1. HP: 15/15 MP: 3/3
   462 | D:1      | Reached XP level 2. HP: 19/22 MP: 5/5
  1227 | D:1      | Learned a level 2 spell: Passwall
  1229 | D:1      | Found a faded altar of an unknown god.
  1234 | D:1      | Prayed at the altar of an unknown god.
  1234 | D:1      | Became a worshipper of Yredelemnul the Dark
  1234 | D:1      | Reached * piety under Yredelemnul
  1444 | D:2      | Reached XP level 3. HP: 28/28 MP: 6/6
  1992 | D:2      | Reached ** piety under Yredelemnul
  2037 | D:2      | HP: 1/28 [quokka (3)]
  2040 | D:2      | Slain by a quokka

Illustrated notes

Levels and vault maps discovered:
D:1:      dpeg_arrival_tiny_e, layout_basic,
          hellmonk_ecumenical_altar_heavens_door, serial_bayou_pond_e,
          hangedman_decor_lopped
D:2:      layout_rooms, st_stairs_3

Skill      XL: |  1  2  3 |
---------------+----------+-----
Earth Magic    | 3 4 |  4.1
Throwing       | |  1.0
Stealth        | |  5.8
Spellcasting   | |  2.0
Invocations    | |  1.0

Action                   || total
-------------------------++-------
Melee: Staff             ||    43
       Dagger            ||    10
 Cast: Sandblast         ||     8
 Abil: Spit Poison       ||    24
 Stab: Sleeping          ||     1
       Distracted        ||     1
Armor: Robe              ||    15
Dodge: Dodged            ||    39

Table legend: (Time is in decaauts)
 A = Elapsed time spent in this place.
 B = Non-inter-level travel time spent in this place.
 C = Inter-level travel time spent in this place.
 D = Time resting spent in this place.
 E = Time spent auto-exploring this place.
 F = Levels seen in this place.
 G = Mean time per level.
                   A        B        C        D        E       F      G
               +--------+--------+--------+--------+--------+-----+--------+
         Total |   2505 |   2417 |     88 |      2 |   2110 |   2 | 1252.5 |
       Dungeon |   2505 |   2417 |     88 |      2 |   2110 |   2 | 1252.5 |
               +--------+--------+--------+--------+--------+-----+--------+

Top non-repeatable levels by time:
     D:1: 1794 daAuts
     D:2: 710 daAuts
